Map: Orbital Shipyard

Players

Thijs

  • Race: Protoss Protoss
  • League: Gold

DevilDog - Winner!

  • Race: Terran Terran
  • League: Silver

VOD

Have the link to the VOD?

Description

Time

  • Played on: March 3, 2016, 6:18 a.m.
  • Length: 4:03
Show
View Real Time Build Order
Export as new Build Order

Thijs Protoss 

Build Orders: 1 Gate Expand 

Get SALT Encoding   

  12  0:02  Probe (Chrono Boost)  
  13  0:13  Probe (Chrono Boost)  
  14  0:19  Pylon  
  14  0:30  Probe (Chrono Boost)  
  15  0:37  Gateway  
  15  0:40  Probe (Chrono Boost)  
  16  0:51  Probe (Chrono Boost), Assimilator  
  17  1:01  Probe (Chrono Boost)  
  18  1:12  Probe (Chrono Boost)  
  19  1:29  Nexus  
  19  1:33  Probe (Chrono Boost)  
  20  1:43  Probe (Chrono Boost)  
  21  1:50  Cybernetics Core  
  21  1:54  Assimilator  
  21  1:56  Probe (Chrono Boost)  
  22  2:03  Pylon  
  22  2:10  Probe (Chrono Boost)  
  23  2:21  Probe (Chrono Boost)  
  24  2:32  Mothership Core (Chrono Boost)  
  26  2:37  Robotics Facility  
  26  2:43  Probe (Chrono Boost)  
  27  2:50  Pylon  
  27  2:52  Probe (Chrono Boost)  
  28  3:05  Twilight Council  
  28  3:07  Probe x2 (Chrono Boost)  
  30  3:13  Adept  
  30  3:17  Probe (Chrono Boost)  
  30  3:18  Probe (Chrono Boost)  
  34  3:27  Gateway  
  34  3:31  Probe x2 (Chrono Boost), Pylon  
  36  3:36  Observer  
  37  3:41  Probe (Chrono Boost)  
  37  3:45  Probe (Chrono Boost)  
Show
View Real Time Build Order
Export as new Build Order

DevilDog Terran - Winner!

Build Orders:  

Get SALT Encoding   

  12  0:01  SCV  
  13  0:13  SCV  
  14  0:18  Supply Depot  
  14  0:25  SCV  
  15  0:32  Supply Depot  
  15  0:40  SCV  
  16  0:47  Barracks  
  16  0:57  SCV  
  17  1:08  Barracks  
  17  1:09  SCV  
  18  1:18  Barracks  
  18  1:32  SCV  
  19  1:37  Barracks, Marine  
  20  1:54  Orbital Command, Marine  
  20  1:56  Marine  
  22  2:05  Marine  
  23  2:12  Marine  
  23  2:14  Supply Depot  
  24  2:17  Marine  
  25  2:27  Refinery, Marine x2  
  27  2:37  Marine x2  
  29  2:44  SCV, Marine  
  29  2:45  Marine  
  32  2:55  Marine x2  
  34  3:02  Marine x2  
  36  3:07  Supply Depot  
  36  3:12  Marine x2  
  38  3:20  Marine  
  38  3:22  Supply Depot  
  39  3:28  Marine  
  39  3:30  Marine  
  39  3:32  Marine  
  42  3:38  Marine  
Tags
 
Add a new tag
Caveats
  • Supply blocks, unpowered buildings, or Contaminate may cause inaccurate times.
  • Supply counts are checked every 10 seconds.